 Seeded DCSS version 0.27.1-4-g1640c2035a (webtiles) character file.

Game seed: 20211105 (custom seed)

9 jessy the Covered (level 2, 0/25 HPs)
             Began as a Barachi Fighter on Nov 5, 2021.
             Slain by a ball python (3 damage)
             ... on level 1 of the Dungeon on Nov 8, 2021.
             The game lasted 00:01:39 (283 turns).

jessy the Covered (Barachi Fighter)                  Turns: 283, Time: 00:01:40

Health: 0/25       AC:  7    Str: 17    XL:     2   Next: 16%
Magic:  2/2        EV:  4    Int:  8    God:
Gold:   6          SH:  9    Dex: 11    Spells: 1/1 levels left

rFire    . . .     SeeInvis .   a - +0 long sword
rCold    . . .     Faith    .   c - +0 kite shield
rNeg     . . .     Spirit   .   b - +0 scale mail
rPois    .         Reflect  .   (no helmet)
rElec    .         Harm     .   (no cloak)
rCorr    .         Rampage  .   (no gloves)
Will     .....                  (no boots)
Stlth    ..........             (no amulet)
HPRegen  0.08/turn              (no ring)
MPRegen  0.08/turn              (no ring)

@: constricted, slow
A: amphibious, slowness 1, strong legs 1, +LOS
a: Hop


You were on level 1 of the Dungeon.
You visited 1 branch of the dungeon, and saw 1 of its levels.

You collected 6 gold pieces.

Inventory:

Hand Weapons
 a - a +0 long sword (weapon)
Armour
 b - a +0 scale mail (worn)
 c - a +0 kite shield (worn)
Potions
 d - a potion of might


   Skills:
 + Level 3.9 Fighting
 + Level 2.4 Long Blades
 + Level 4.0 Armour
 + Level 3.3 Shields


You had one spell level left.
You didn't know any spells.
Your spell library was empty.

Dungeon Overview and Level Annotations

Branches:
Dungeon (1/15)

Altars:


Innate Abilities, Weirdness & Mutations

You are amphibious.
You cover ground slowly.
You can hop short distances.
You have an extended range of vision and can be seen from far away.


Message History

The endoplasm is moderately wounded.
The bat barely misses you. The ball python barely misses you.
The ball python constricts you.
The endoplasm hits you but does no damage.
You block the ball python's attack. The ball python constricts you.
You completely miss the endoplasm.
The endoplasm is moderately wounded.
You block the bat's attack. You block the ball python's attack.
The ball python constricts you.
The endoplasm hits you but does no damage.
The ball python barely misses you. The ball python constricts you.
The endoplasm hits you but does no damage.
You slash the endoplasm!
You kill the endoplasm!
The bat hits you but does no damage.
The ball python bites you but does no damage.
The ball python constricts you.
* * * LOW HITPOINT WARNING * * *
The ball python bites you.
* * * LOW HITPOINT WARNING * * *
The ball python constricts you.
You escape the ball python's grasp.
You block the bat's attack. The ball python barely misses you. x2
You hit the ball python.
The ball python is heavily wounded.
You block the bat's attack. x2
The ball python bites you but does no damage.
The ball python grabs you. The ball python constricts you.
The bat hits you but does no damage.
You barely miss the ball python.
The ball python is heavily wounded.
The bat hits you but does no damage. x2
The ball python bites you but does no damage.
The ball python constricts you.
The ball python bites you but does no damage.
The ball python constricts you.
You closely miss the ball python.
The ball python is heavily wounded.
The bat hits you but does no damage. x3; The ball python bites you.
You die...

...##..........
.............. # .
............. .. .
..........#
.#.#.#.........#
#....#........
.....#.....#####
#....##......
#####..b@........
........bS........
...........###############
#..........#≈≈≈≈≈§≈<≈≈§§≈≈
#.#........#≈≈≈≈≈≈≈.≈≈§§≈≈
. #...#....#§≈§≈.......§≈§
#.#.#....#≈≈...........≈
##.#.#....#≈§............
..........#≈.............


You could see 2 bats and a ball python.

Vanquished Creatures
  2 endoplasms (D:1)
  A giant cockroach (D:1)
  A hobgoblin (D:1)
  A kobold (D:1)
  2 bats (D:1)
  A frilled lizard (D:1)
  A rat (D:1)
9 creatures vanquished.

Notes
Turn   | Place    | Note
-------+----------+-------------------------------------------
     0 | D:1      | jessy the Barachi Fighter began the quest for the Orb.
     0 | D:1      | Reached XP level 1. HP: 18/18 MP: 1/1
    47 | D:1      | Reached XP level 2. HP: 6/25 MP: 2/2
    49 | D:1      | Reached skill level 4 in Armour
   283 | D:1      | Slain by a ball python

Illustrated notes

Levels and vault maps discovered:
D:1:      lordsloth_arrival_two_stooges, layout_rooms

Skill      XL: |  1  2 |
---------------+-------+-----
Armour         | 4 |  4.0
Fighting       | |  3.9
Long Blades    | |  2.4
Shields        | |  3.3

Action                   || total
-------------------------++-------
Melee: Long sword        ||    22
Armor: Scale mail        ||    47
Dodge: Dodged            ||    24
Block: Kite shield       ||    28
       Rpst.: Long sword ||    11
